 Dungeon Crawl Stone Soup version 0.32-a0-86-g8db1b9f803 (webtiles) character file.

Game seed: 10925456950858228758

51507 porpoise the Basher (level 14, -18/82 HPs)
             Began as a Gargoyle Gladiator on Feb 5, 2024.
             Was an Elder of Hepliaklqana.
             Demolished by an enormous slime creature (52 damage)
             ... on level 12 of the Dungeon on Feb 6, 2024.
             The game lasted 01:31:41 (19207 turns).

porpoise the Basher (Gargoyle Gladiator)           Turns: 19207, Time: 01:31:43

Health: -18/82     AC: 33    Str: 25    XL:     14   Next: 59%
Magic:  23/23      EV: 17    Int:  8    God:    Hepliaklqana [****..]
Gold:   2065       SH: 15    Dex: 13    Spells: 8/13 levels left

rFire   . . .        a - +5 flail
rCold   + . .        P - +0 kite shield
rNeg    + . .        s - +3 ring mail "Nifap" {rC+ Str+3}
rPois   ∞            C - +2 helmet
rElec   +            m - +2 cloak {Stlth+}
rCorr   .            U - +2 pair of gloves {Stlth+}
SInv    .            F - +1 pair of boots {Fly}
Will    ++...        L - amulet of reflection
Stlth   +++++        N - ring of willpower
HPRegen 0.33/turn    q - +5 ring of evasion
MPRegen 0.18/turn

%: reflection
@: flying, studying Invocations
A: reduced essence, sickness immunity, AC +10, big wings, negative energy
resistance 1, electricity resistance, torment resistance 1, petrification
resistance
a: Renounce Religion, Recall Ancestor, Ancestor Identity, Transference, Idealise


You were on level 12 of the Dungeon.
You worshipped Hepliaklqana.
Hepliaklqana was greatly pleased with you.
You visited 3 branches of the dungeon, and saw 17 of its levels.
You also visited: Gauntlet.

You collected 2065 gold pieces.

Inventory:

Hand Weapons
 a - a +5 flail (weapon)
 b - a +0 sling
 c - a +1 flail of holy wrath
 f - the +5 spear of Mutilation {freeze, rC- Will+ SInv}
   (You found it on level 10 of the Dungeon)

   rC-:       It makes you vulnerable to cold.
   Will+:     It increases your willpower.
   SInv:      It lets you see invisible.
 i - a +1 flail of freezing
Missiles
 e - 5 boomerangs (quivered)
 z - 10 poisoned darts
 G - 5 javelins
 K - a curare-tipped dart
Armour
 m - a +2 cloak of stealth (worn)
 s - the +3 ring mail "Nifap" (worn) {rC+ Str+3}
   (You found it on level 2 of the Dungeon)

   Str+3:     It affects your strength (+3).
   rC+:       It protects you from cold.
 C - a +2 helmet (worn)
 F - a +1 pair of boots of flying (worn)
 M - a +2 troll leather armour {Snorg}
 P - a +0 kite shield (worn)
 U - a +2 pair of gloves of stealth (worn)
Jewellery
 q - a +5 ring of evasion (right hand)
 J - a ring of protection from fire
 L - an amulet of reflection (around neck)
 N - a ring of willpower (left hand)
 O - a ring of ice
Wands
 r - a wand of charming (8)
 y - a wand of flame (46)
 S - a wand of light (6)
 Y - a wand of iceblast (20)
Scrolls
 d - a scroll of butterflies
 h - 8 scrolls of fog
 k - a scroll of noise {unknown}
 n - 2 scrolls of revelation
 p - a scroll of blinking
 t - a scroll of enchant weapon
 v - 3 scrolls of identify
 w - 4 scrolls of teleportation
 x - 2 scrolls of vulnerability
 E - 2 scrolls of poison
Potions
 g - 3 potions of curing
 j - 6 potions of lignification
 l - 10 potions of ambrosia
 o - 5 potions of resistance
 u - 4 potions of haste
 A - 2 potions of mutation
 B - 2 potions of invisibility
 D - a potion of enlightenment
 H - a potion of attraction
 I - a potion of magic
 T - a potion of brilliance


   Skills:
 - Level 12.0 Fighting
 - Level 14.0 Maces & Flails
 - Level 1.7 Throwing
 - Level 9.0 Armour
 + Level 6.5 Dodging
 - Level 7.0 Stealth
 + Level 8.1 Shields
 + Level 12.0 Invocations
 - Level 5.0 Evocations


You had 8 spell levels left.
You knew the following spells:

 Your Spells              Type           Power      Damage    Failure   Level
a - Yara's Violent Unrav  Hex/Alch       0%         3d3       100%        5

Your spell library contained the following spells:

 Spells                   Type           Power      Damage    Failure   Level
 Apportation              Tloc           0%         N/A       75%         1
 Freeze                   Ice            0%         1d3       75%         1
 Magic Dart               Conj           0%         1d3       75%         1
 Necrotise                Necr           0%         1d4       75%         1
 Sting                    Conj/Alch      0%         1d3       75%         1
 Summon Small Mammal      Summ           0%         N/A       75%         1
 Blink                    Tloc           0%         N/A       86%         2
 Call Imp                 Summ           0%         N/A       86%         2
 Ensorcelled Hibernation  Hex/Ice        0%         N/A       86%         2
 Jinxbite                 Hex            0%         N/A       86%         2
 Frozen Ramparts          Ice            0%         1d1       98%         3
 Fugue of the Fallen      Necr           0%         N/A       98%         3
 Hailstorm                Conj/Ice       0%         3d5       98%         3
 Inner Flame              Hex/Fire       0%         N/A       98%         3
 Passwall                 Erth           0%         N/A       98%         3
 Swiftness                Air            0%         N/A       98%         3
 Airstrike                Air            0%         2d(0-16)  100%        4
 Anguish                  Hex/Necr       0%         N/A       100%        4
 Animate Dead             Necr           0%         N/A       100%        4
 Flame Wave               Conj/Fire      0%         2d4       100%        4
 Ignite Poison            Fire/Alch      0%         N/A       100%        4
 Martyr's Knell           Necr/Summ      0%         N/A       100%        4
 Sticky Flame             Fire/Alch      0%         2d4       100%        4
 Summon Lightning Spire   Summ/Air       0%         N/A       100%        4
 Alistair's Intoxication  Alch           0%         N/A       100%        5
 Borgnjor's Vile Clutch   Necr/Erth      0%         N/A       100%        5
 Freezing Cloud           Conj/Ice/Air   0%         6-21      100%        5
 Silence                  Hex/Air        0%         N/A       100%        5
 Death Channel            Necr           0%         N/A       100%        6
 Eringya's Noxious Bog    Alch           0%         4d6       100%        6
 Haunt                    Necr/Summ      0%         N/A       100%        7
 Chain Lightning          Conj/Air       0%         N/A       100%        9
 Fire Storm               Conj/Fire      0%         5d1       100%        9
 Shatter                  Erth           0%         3d5*      100%        9
 Cigotuvi's Dreadful Rot  Necr/Alch/Air  Unusable   N/A       N/A         2

Dungeon Overview and Level Annotations

Branches:
Dungeon (12/15)            Temple (1/1) D:4            Lair (4/5) D:9
 Shoals (0/4) Lair:2       Spider (0/4) Lair:2        Slime (0/5) Lair:4
    Orc (0/2) D:11        Gauntlet (visited)

Altars:
Ashenzari
Cheibriados
Dithmenos
Elyvilon
Fedhas
Gozag
Hepliaklqana
Kikubaaqudgha
Makhleb
Nemelex Xobeh
Okawaru
Qazlal
Ru
Sif Muna
Trog
Uskayaw
Vehumet
Wu Jian
Xom
Yredelemnul
Zin
The Shining One
Jiyva

Shops:
D:7 :   D:9 (

Annotations:
D:10 1 transporter


Innate Abilities, Weirdness & Mutations

Your life essence is reduced to manifest your ancestor. (-10% HP)
You are immune to sickness and miasma.
Your stone body is resilient. (AC +10)
You are immune to poison.
Your large and strong wings let you fly.
You resist negative energy. (rN+)
You are resistant to electric shocks. (rElec)
You are resistant to unholy torment.
You are immune to petrification.


Message History

The slime creature quivers.
A slime creature comes into view.
Two slime creatures merge to form a large slime creature.
You thump the large slime creature!
The large slime creature is heavily wounded.
Two slime creatures merge to form a very large slime creature.
You bludgeon the very large slime creature!!
The very large slime creature is heavily wounded.
A slime creature comes into view.
You thump the very large slime creature!
The very large slime creature is heavily wounded.
You sock the very large slime creature!
The very large slime creature is severely wounded.
Two slime creatures merge to form an enormous slime creature.
You sock the enormous slime creature!
The enormous slime creature is heavily wounded.
You bludgeon the enormous slime creature!!
The enormous slime creature is heavily wounded.
You barely miss the enormous slime creature.
The enormous slime creature is heavily wounded.
The enormous slime creature hits you!!
You hit the enormous slime creature.
The enormous slime creature is heavily wounded.
You hit the enormous slime creature.
The enormous slime creature is heavily wounded.
The enormous slime creature hits you!!
You are too injured to fight recklessly!
You are too injured to fight recklessly!
Kivi hits the enormous slime creature with a +0 quarterstaff!
You barely miss the enormous slime creature.
The enormous slime creature is severely wounded.
Kivi hits the enormous slime creature with a +0 quarterstaff!
The enormous slime creature closely misses Kivi.
You hit the enormous slime creature.
The enormous slime creature is severely wounded.
Kivi hits the enormous slime creature with a +0 quarterstaff!
The enormous slime creature hits you!!!
Ouch! That really hurt!
You die...
Hepliaklqana delivers you to your ancestors.

####
...
###.#
#RJ.#
#@###
#.# #.#
#.#
###.#
#...#
###'###
#....#
#....#


You could see the friendly Kivi the battlemage and an enormous slime creature
(ally target).

Vanquished Creatures
  Snorg (D:11)
  A great orb of eyes (Gauntlet)
  A boulder beetle (D:10)
  2 death knights (D:10)
  2 hydras
  A centaur warrior (D:10)
  2 ugly things (D:9)
  2 manticores
  A cyclops (D:10)
  5 elephants
  2 black mambas
  A black mamba (shapeshifter) (D:10)
  A smoke demon (Gauntlet)
  A minotaur zombie (Gauntlet)
  A torpor snail (Lair:4)
  A gargoyle (D:11)
  8 cane toads
  A rime drake (Lair:4)
  3 komodo dragons
  A yaktaur (shapeshifter) (D:10)
  A queen bee (Lair:2)
  3 trolls (D:10)
  2 dream sheep (Lair:4)
  15 blink frogs
  A slime creature (D:12)
  A centaur simulacrum (D:11)
  A wyvern (D:6)
  4 humans (D:6)
  23 yaks
  3 steam dragons
  A basilisk (Lair:1)
  Menkaure (D:4)
  An acid dragon (D:10)
  2 water moccasins
  3 orc warriors
  An ice beast (D:7)
  4 black bears
  A sky beast (D:7)
  A swamp drake (D:11)
  An ice beast (shapeshifter) (D:10)
  2 ogres (D:5)
  3 wolves
  10 centaurs
  2 kobold brigands
  8 bullfrogs
  2 scorpions
  6 wights
  24 killer bees
  3 electric eels (D:4)
  4 howler monkeys
  2 bombardier beetles
  2 jellies
  5 hounds
  3 orc priests
  A gnoll bouda (D:8)
  3 iguanas
  3 orc wizards
  7 gnolls
  7 adders
  A shadow imp (D:8)
  A white imp (D:8)
  2 ufetubi (D:7)
  5 dart slugs
  2 ribbon worms
  11 orcs
  4 ball pythons
  6 endoplasms
  5 giant cockroaches
  3 hobgoblins
  6 jackals
  2 quokkas
  6 bats
  2 frilled lizards
  7 goblins
  11 kobolds
  4 rats
283 creatures vanquished.

Vanquished Creatures (collateral kills)
  A minotaur (Gauntlet)
  2 boulder beetles
  A hell beast (Gauntlet)
  A two-headed ogre (D:6)
  An orc knight (D:9)
  A meliai (shapeshifter) (D:10)
  12 elephants
  A black mamba (Lair:1)
  7 cane toads
  A gargoyle (D:12)
  A torpor snail (Lair:4)
  An unseen horror (D:10)
  3 komodo dragons
  A rime drake (Lair:4)
  A minotaur zombie (Gauntlet)
  A troll (shapeshifter) (D:10)
  A hornet (Lair:3)
  2 trolls (D:10)
  A polar bear (Lair:4)
  6 blink frogs
  A dream sheep (Lair:4)
  3 slime creatures
  A shadow (D:10)
  A wyvern (Lair:4)
  A vampire (D:10)
  15 yaks
  A human (D:6)
  4 basilisks
  A steam dragon (D:8)
  5 water moccasins
  5 orc warriors
  An ice beast (D:8)
  3 centaurs
  8 wolves
  2 gnoll sergeants
  5 bullfrogs
  6 wights (D:8)
  12 killer bees
  6 howler monkeys
  3 crimson imps (Gauntlet)
  A bombardier beetle (D:6)
  4 orc priests
  A gnoll bouda (D:10)
  7 orc wizards
  4 gnolls
  16 orcs
  7 kobolds
170 creatures vanquished.

Vanquished Creatures (others)
  An occultist (D:9)
  A wolf (D:9)
  13 battlemagi
  An ancestor (D:6)
  A quokka (D:11)
17 creatures vanquished.

Grand Total: 470 creatures vanquished

Notes
Turn   | Place    | Note
-------+----------+-------------------------------------------
     0 | D:1      | porpoise the Gargoyle Gladiator began the quest for the
                  | Orb.
     0 | D:1      | Reached XP level 1. HP: 12/12 MP: 1/1
   222 | D:1      | Reached XP level 2. HP: 18/18 MP: 2/2
   242 | D:1      | Found a faded altar of an unknown god.
   502 | D:1      | Reached XP level 3. HP: 22/22 MP: 3/3
   720 | D:2      | Reached skill level 4 in Maces & Flails
  1070 | D:2      | Identified the +3 ring mail "Nifap" {rC+ Str+3}
  1176 | D:2      | Reached XP level 4. HP: 28/28 MP: 4/4
  2173 | D:4      | Found a hide-covered altar of Uskayaw.
  2240 | D:4      | Found a transporter.
  2428 | D:4      | Found a transporter.
  2428 | D:4      | Noticed Menkaure
  2434 | D:4      | Killed Menkaure
  2435 | D:4      | Reached skill level 5 in Maces & Flails
  2435 | D:4      | Reached XP level 5. HP: 30/33 MP: 5/5
  2435 | D:4      | Reached XP level 6. HP: 34/38 MP: 6/6
  2555 | D:4      | Reached skill level 6 in Maces & Flails
  2637 | D:4      | You fall into a shaft and drop 1 floor!
  2637 | D:5      | Entered Level 5 of the Dungeon
  2915 | D:4      | Reached XP level 7. HP: 35/44 MP: 7/7
  2965 | D:4      | Found a staircase to the Ecumenical Temple.
  2972 | Temple   | Entered the Ecumenical Temple
  2987 | Temple   | Became a worshipper of Hepliaklqana the Forgotten
  3066 | D:5      | Found a basalt altar of Yredelemnul.
  3067 | D:5      | Found an opulent altar of Gozag.
  3067 | D:5      | Found a blossoming altar of Fedhas.
  3067 | D:5      | Found a sparkling altar of Nemelex Xobeh.
  3069 | D:5      | Found an ornate altar of the Wu Jian Council.
  3069 | D:5      | Found a white marble altar of Elyvilon.
  3070 | D:5      | Found a shimmering altar of Xom.
  3077 | D:5      | Reached skill level 5 in Fighting
  3181 | D:5      | Reached skill level 7 in Maces & Flails
  3271 | D:5      | Found a sacrificial altar of Ru.
  3398 | D:5      | Reached XP level 8. HP: 49/51 MP: 8/8
  3609 | D:5      | Found a shimmering blue altar of Sif Muna.
  3638 | D:5      | Reached skill level 8 in Maces & Flails
  3950 | D:6      | Reached * piety under Hepliaklqana
  4196 | D:6      | Noticed a wyvern
  4206 | D:6      | Killed a wyvern
  4207 | D:6      | Reached skill level 9 in Maces & Flails
  4270 | D:6      | Found an iron altar of Okawaru.
  4443 | D:6      | Identified the +3 scale mail of Music {Will++ Str+2 Int-5}
  4674 | D:6      | Reached XP level 9. HP: 35/51 MP: 9/9
  4686 | D:6      | Reached skill level 10 in Maces & Flails
  5081 | D:6      | Noticed a two-headed ogre
  5087 | D:6      | Killed a two-headed ogre
  5088 | D:6      | Reached skill level 11 in Maces & Flails
  5320 | D:7      | Reached skill level 12 in Maces & Flails
  5377 | D:7      | Reached ** piety under Hepliaklqana
  5378 | D:7      | Remembered your ancestor Kivi as a battlemage
  5949 | D:7      | Found Vitogiex's Vocational Training.
  6291 | D:8      | Reached XP level 10. HP: 56/56 MP: 10/10
  6311 | D:8      | Reached skill level 13 in Maces & Flails
  7142 | D:8      | Found a glowing silver altar of Zin.
  7142 | D:8      | Found an ancient bone altar of Kikubaaqudgha.
  7273 | D:8      | Reached *** piety under Hepliaklqana
  7385 | D:8      | Reached skill level 14 in Maces & Flails
  7460 | D:8      | Reached skill level 1 in Armour
  7460 | D:8      | Reached skill level 1 in Stealth
  7480 | D:9      | Reached skill level 1 in Invocations
  7721 | D:9      | Found a staircase to the Lair.
  7893 | D:9      | Reached XP level 11. HP: 61/61 MP: 13/13
  8013 | D:9      | Found Ceted's Weapon Shoppe.
  8289 | D:10     | Entered Level 10 of the Dungeon
  8295 | D:10     | Noticed a salamander
  8295 | D:10     | Noticed a death knight
  8299 | D:10     | Noticed an orc knight
  8301 | D:10     | Noticed an orc knight
  8521 | D:10     | Found a transporter.
  8558 | D:10     | Noticed a death knight
  8558 | D:10     | Noticed a green ugly thing
  8560 | D:10     | Noticed a red ugly thing
  8567 | D:10     | Noticed an occultist
  8635 | D:9      | Killed a green ugly thing
  8636 | D:9      | Reached skill level 5 in Armour
  8794 | D:9      | Killed a red ugly thing
  8795 | D:9      | Reached skill level 5 in Invocations
  9181 | D:9      | Killed an occultist
  9366 | D:9      | Killed an orc knight
  9677 | Lair:1   | Entered Level 1 of the Lair of Beasts
  9881 | Lair:1   | Found a gate leading to a gauntlet.
  9891 | Gauntlet | Entered a Gauntlet
  9891 | Gauntlet | Found a transporter.
  9891 | Gauntlet | Found a transporter.
  9895 | Gauntlet | Found a transporter.
  9898 | Gauntlet | Found a transporter.
  9898 | Gauntlet | Found a transporter.
  9913 | Gauntlet | Noticed a red ugly thing
  9915 | Gauntlet | Noticed a purple ugly thing
  9916 | Gauntlet | Noticed a great orb of eyes
  9953 | Gauntlet | Reached **** piety under Hepliaklqana
  9953 | Gauntlet | Found a transporter.
  9953 | Gauntlet | Found a transporter.
  9954 | Gauntlet | Found a transporter.
  9957 | Gauntlet | Noticed a death scarab
  9963 | Gauntlet | Noticed a death scarab
  9974 | Gauntlet | Found a transporter.
  9978 | Gauntlet | Noticed a sixfirhy
  9980 | Gauntlet | Noticed a sixfirhy
  9981 | Gauntlet | Found a transporter.
  9983 | Gauntlet | Noticed a sixfirhy
  9991 | Gauntlet | Found a transporter.
  9995 | Gauntlet | Noticed a hell beast
 10005 | Gauntlet | Found a transporter.
 10025 | Gauntlet | Found a transporter.
 10038 | Gauntlet | Found a transporter.
 10267 | Gauntlet | Killed a great orb of eyes
 10268 | Gauntlet | Reached skill level 1 in Evocations
 10268 | Gauntlet | Reached XP level 12. HP: 23/68 MP: 17/17
 10446 | Gauntlet | Killed a hell beast
 10494 | Gauntlet | Identified the +0 plate armour "Efishreemp" {Harm Fly
                  | Dex+3}
 10494 | Gauntlet | Identified the ring of Rual {Int+3 Dex+6 Stlth+}
 10494 | Gauntlet | Noticed a minotaur
 10506 | Gauntlet | Killed a minotaur
 10507 | Gauntlet | Reached skill level 5 in Dodging
 10511 | Gauntlet | Got the Secrets of Resurrection and the Snake
 10532 | Gauntlet | HP: 3/68 [minotaur zombie (17)]
 10667 | Gauntlet | Reached skill level 1 in Shields
 11299 | Lair:1   | Reached skill level 5 in Stealth
 12006 | Lair:1   | Upgraded the game from 0.32-a0-43-g058985b245 to
                  | 0.32-a0-86-g8db1b9f803
 12399 | Lair:2   | Reached skill level 5 in Evocations
 12426 | Lair:2   | Reached skill level 5 in Shields
 12644 | Lair:2   | Found a staircase to the Shoals.
 12764 | Lair:2   | Reached XP level 13. HP: 57/72 MP: 18/18
 12974 | Lair:2   | Found a hole to the Spider Nest.
 13808 | Lair:3   | Reached skill level 10 in Fighting
 14034 | Lair:3   | Found a hide-covered altar of Uskayaw.
 14038 | Lair:3   | Found an ornate altar of the Wu Jian Council.
 14913 | Lair:4   | Found a staircase to the Slime Pits.
 14914 | Lair:4   | Found a viscous altar of Jiyva.
 15438 | Lair:4   | Reached skill level 10 in Invocations
 15442 | Lair:4   | Gained mutation: Your large and strong wings let you fly.
                  | [Gargoyle growth]
 15442 | Lair:4   | Reached XP level 14. HP: 81/81 MP: 21/21
 15645 | Lair:4   | Found a basalt altar of Yredelemnul.
 16269 | D:10     | Identified the +5 spear of Mutilation {freeze, rC- Will+
                  | SInv}
 16428 | D:10     | HP: 4/81 [death knight/+2 battleaxe (14)]
 17111 | D:10     | Got Ijuotaob's Excursus on Nocuous Breath
 17421 | D:10     | Found a stormy altar of Qazlal.
 17671 | D:10     | Learned a level 5 spell: Yara's Violent Unravelling
 18142 | D:11     | Found a white marble altar of Elyvilon.
 18657 | D:11     | Found a staircase to the Orcish Mines.
 18769 | D:11     | Noticed Snorg
 18778 | D:11     | Killed Snorg
 19207 | D:12     | Demolished by an enormous slime creature

Illustrated notes

Levels and vault maps discovered:
D:1:      ncdulo_halloftheorcs, layout_basic,
          shapermc_ecumenical_altar_mp_ritualfount, nrook_uturn,
          minmay_tiny_reverse_x
D:2:      layout_rooms
D:3:      layout_loops_cross
D:4:      gammafunk_steamed_eel, layout_cave_pools, nicolae_uskayaw_suspiria,
          minmay_temple_entry_nine_rooms, uniq_menkaure
D:5:      layout_basic, lemuel_round_altar, nicolae_ru_the_path_less_chosen,
          grunt_temple_overflow_open, kennysheep_flooded_box, solitary_fountain
D:6:      layout_cave_pods, amcnicky_altar_gilded,
          amcnicky_mini_corridor_feature, minmay_ruffians
D:7:      layout_basic, nicolae_shop_vocational
D:8:      layout_loops_ring, gammafunk_temple_overflow_wave
D:9:      layout_cave_pools, erik_lair_orcish_takeover, serial_shops,
          kennysheep_little_box, st_stairs_13
D:10:     minmay_the_grid_square_5x5_4x4 [minmay_the_grid_square_5x5_six,
          minmay_the_grid_square_5x5_trominoes, minmay_the_grid_square_5x5_mess,
          minmay_the_grid_square_5x5_inner_i,
          minmay_the_grid_square_5x5_sharp_hourglass,
          minmay_the_grid_square_5x5_prize_gold,
          minmay_the_grid_square_5x5_prize_snowflake,
          minmay_the_grid_square_5x5_bridge, minmay_the_grid_square_5x5_eight,
          minmay_the_grid_square_5x5_prize_deathbox,
          minmay_the_grid_square_5x5_prize_junk,
          minmay_the_grid_square_5x5_lines,
          minmay_the_grid_square_5x5_two_walls_a,
          minmay_the_grid_square_5x5_shuriken, minmay_the_grid_square_5x5_meh,
          minmay_the_grid_square_5x5_tetrominoes], layout_grid_maze,
          grunt_qazlal_clouds, nicolae_diode_basic
D:11:     layout_irregular_city, erik_orc_1, elyvilon_altar_4, uniq_snorg
D:12:     layout_basic, uniq_maurice
Temple:   hellmonk_temple_forest_ring
Lair:1:   layout_gridlike, gauntlet_entry_generic, grunt_megastairs_5
Lair:2:   layout_roguey [special_room_bee], minmay_shoals_entry_centaurs,
          dummy_spider_entry
Lair:3:   layout_regular_city, nzn_masters_of_martial_movement
Lair:4:   layout_loops_ring, slime_entry_1, basic_altar

Skill      XL: |  1  2  3  4  5  6  7  8  9 10 11 12 13 14 |
---------------+-------------------------------------------+-----
Fighting       | 3 4 5 7 8 9 11 12 | 12.0
Maces & Flails | 4 5 6 7 9 12 14 | 14.0
Armour         | 3 7 9 |  9.0
Stealth        | 1 7 |  7.0
Invocations    | 3 7 10 12 | 12.0
Dodging        | 4 5 6 |  6.5
Evocations     | 1 5 |  5.0
Shields        | 5 7 8 |  8.1
Throwing       | |  1.7

Action                     |  1- 3 |  4- 6 |  7- 9 | 10-12 | 13-15 || total
---------------------------+-------+-------+-------+-------+-------++-------
  Melee: Flail             |    49 |    86 |   230 |   640 |   556 ||  1561
         Punch             |       |       |     2 |    19 |     3 ||    24
         Unarmed           |       |       |       |     1 |       ||     1
         Spear             |       |       |       |       |     7 ||     7
   Fire: Sling             |    99 |    23 |       |       |    48 ||   170
         Longbow           |       |       |     9 |     4 |       ||    13
  Throw: Dart              |       |     3 |     2 |     5 |       ||    10
         Throwing net      |       |       |     2 |       |       ||     2
         Javelin           |       |       |     1 |       |       ||     1
         Boomerang         |       |       |       |       |     1 ||     1
 Invoke: Ancestor Identity |       |       |     2 |       |       ||     2
         Recall Ancestor   |       |       |     1 |     3 |     1 ||     5
         Ancestor Life: Ba |       |       |     1 |       |       ||     1
         Idealise          |       |       |       |       |     5 ||     5
         Transference      |       |       |       |       |     1 ||     1
  Evoke: Wand              |       |     2 |       |     5 |     1 ||     8
    Use: Scroll            |       |     8 |     1 |     7 |     8 ||    24
         Potion            |       |     1 |     3 |     8 |     3 ||    15
   Stab: Distracted        |       |       |       |    11 |     7 ||    18
         Sleeping          |       |       |       |     1 |     8 ||     9
         Invisible         |       |       |       |       |     1 ||     1
 Armour: Leather armour    |     8 |       |       |       |       ||     8
         Ring mail         |    69 |    77 |   159 |   395 |   233 ||   933
         Skin              |       |       |       |     4 |       ||     4
  Dodge: Dodged            |    79 |    52 |   108 |   386 |   263 ||   888
  Block: Other             |       |       |     3 |   117 |     7 ||   127
         Reflection        |       |       |     2 |     4 |    18 ||    24
         Kite shield       |       |       |       |       |   383 ||   383

Table legend: (Time is in decaauts)
 A = Elapsed time spent in this place.
 B = Non-inter-level travel time spent in this place.
 C = Inter-level travel time spent in this place.
 D = Time resting spent in this place.
 E = Time spent auto-exploring this place.
 F = Levels seen in this place.
 G = Mean time per level.
                   A        B        C        D        E       F      G
               +--------+--------+--------+--------+--------+-----+--------+
         Total |  18995 |  18426 |    569 |   5803 |   8993 |  18 | 1055.3 |
       Dungeon |  12625 |  12232 |    393 |   3735 |   6203 |  12 | 1052.1 |
        Temple |     30 |      1 |     29 |      0 |      0 |   1 |   30.0 |
          Lair |   5415 |   5268 |    147 |   1549 |   2634 |   4 | 1353.8 |
      Gauntlet |    923 |    923 |      0 |    519 |    156 |   1 |  923.0 |
               +--------+--------+--------+--------+--------+-----+--------+

Top non-repeatable levels by time:
     D:9: 2084 daAuts
    D:10: 1719 daAuts
  Lair:1: 1681 daAuts
  Lair:4: 1540 daAuts
     D:6: 1315 daAuts
  Lair:2: 1216 daAuts
     D:8: 1169 daAuts
    D:11: 1121 daAuts
     D:7: 986 daAuts
  Lair:3: 977 daAuts
Gauntlet: 923 daAuts
     D:5: 898 daAuts
     D:4: 897 daAuts
     D:2: 890 daAuts
     D:1: 699 daAuts
